 Dungeon Crawl Stone Soup version 0.22-a0-525-gf69a080 (webtiles) character file.

243 kae the Insei (level 5, 0/39 HPs)
             Began as a Demonspawn Transmuter on June 20, 2018.
             Killed by nerve-wracking pain
             ... invoked by an orc priest
              (14 damage)
             ... on level 3 of the Dungeon.
             The game lasted 00:03:11 (3817 turns).

kae the Insei (Demonspawn Transmuter)               Turns: 3817, Time: 00:03:11

Health: 0/39       AC:  2    Str: 10    XL:     5   Next: 82%
Magic:  5/9        EV: 19    Int: 15    God:
Gold:   143        SH:  0    Dex: 21    Spells: 4/10 levels left

rFire    . . .     SeeInvis .     - Unarmed
rCold    . . .     Gourm    .   (shield currently unavailable)
rNeg     . . .     Faith    .   (armour currently unavailable)
rPois    x         Spirit   .   (helmet currently unavailable)
rElec    .         Reflect  .   (cloak currently unavailable)
rCorr    .         Harm     .   (gloves currently unavailable)
MR       .....                  (boots currently unavailable)
Stlth    ++........             (no amulet)
HPRegen  0.13/turn              (no ring)
MPRegen  0.11/turn              (no ring)

@: spider-form (expiring)
A: tiny, thin skeletal structure 1, freezing cloud immunity
a: End Transformation


You were on level 3 of the Dungeon.
You were not hungry.
You were a venomous arachnid creature.
You visited 1 branch of the dungeon, and saw 3 of its levels.

You collected 143 gold pieces.

Inventory:

Missiles
 a - 79 arrows
Armour
 b - a +0 robe (melded)
 l - a +2 hat (melded)
 n - a +0 pair of gloves (melded)
Jewellery
 r - an uncursed ring of poison resistance {unknown}
 s - a +4 ring of strength {unknown}
Scrolls
 c - 2 scrolls of magic mapping {unknown}
 f - a scroll of enchant armour {unknown}
 g - 2 scrolls of remove curse {unknown}
 h - 2 scrolls of enchant weapon {unknown}
 i - 4 scrolls of identify {unknown}
 k - 2 scrolls of amnesia {unknown}
 o - a scroll of fear {unknown}
 p - a scroll of teleportation {unknown}
 t - a scroll of blinking {unknown}
Potions
 j - 2 potions of haste {unknown}
 m - a potion of flight {unknown}
Comestibles
 d - 4 rations
 q - a chunk of flesh


   Skills:
 + Level 2.6 Fighting
 - Level 1.7 Dodging
 * Level 4.3 Unarmed Combat
 + Level 3.0 Spellcasting
 + Level 3.0 Transmutations


You had 4 spell levels left.
You knew the following spells:

 Your Spells              Type           Power        Failure   Level  Hunger
a - Beastly Appendage     Tmut           ##....       17%         1    #......
b - Sticks to Snakes      Tmut           ##......     22%         2    ##.....
c - Spider Form           Tmut/Pois      #.........   54%         3    ###....

Your spell library contained the following spells:

 Spells                   Type           Power        Failure   Level  Hunger
 Blade Hands              Tmut           ##........   95%         5    ######.
 Ice Form                 Ice/Tmut       #.......     87%         4    #####..


Dungeon Overview and Level Annotations

Branches:
Dungeon (3/15)

Altars:
Okawaru
Trog
Wu Jian
The Shining One


Innate Abilities, Weirdness & Mutations

You have a somewhat thin skeletal structure. (Dex +2, Stealth)
((Your flesh is cold resistant. (rC+)))
You are immune to freezing clouds.


Message History

You hit the orc priest.
The orc priest is poisoned.
The orc priest is severely wounded.
* * * LOW HITPOINT WARNING * * *
You feel sick. The orc closely misses you. The orc hits you but does no damage.
The adder completely misses you. The orc priest closely misses you.
Unknown command.
Unknown command.
It was a potion of curing.
You feel better.
Your transformation is almost over.
The orc closely misses you. The adder closely misses you. The orc misses you.
The orc priest misses you.
You hit the orc priest.
The orc priest looks as sick as possible!
The orc priest is severely wounded.
You kill the adder!
Your Transmutations skill increases to level 3!
The orc barely misses you. The orc misses you.
The orc priest mumbles some strange prayers to Beogh against you.
Pain shoots through your body!
You die...

.#..≈≈≈.♣.≈ ..≈≈≈≈≈._≈≈≈≈≈≈......
..≈.≈≈≈≈.≈≈≈≈.......
.#.≈≈≈≈≈≈≈≈≈≈.≈....#
.#.≈≈≈≈≈≈≈≈≈≈≈.....#
.#.≈≈≈≈≈≈≈≈≈≈......#
....≈.≈≈≈≈≈.≈...[..#
..≈..≈...≈≈≈...†o..#
.....#.......##oso.#
.....#.....#.#...###
...........#......##
...........#.......# ##########
...........#.......# #.........
...........#.......#####.........
...........#.....................
.>.<.#.....#.......#########.####
#######.####.)....<# #....#


You could see an orc priest and 2 orcs.

Vanquished Creatures
  A crimson imp (D:3)
  Natasha (thrice) (D:2)
  4 adders
  2 gnolls (D:3)
  2 worms (D:2)
  3 dart slugs
  2 leopard geckos
  3 orcs (D:3)
  8 bats
  2 giant cockroaches
  2 goblins
  9 hobgoblins
  2 quokkas (D:3)
  2 ball pythons (D:3)
  8 frilled lizards
  2 kobolds (D:2)
  6 rats
61 creatures vanquished.

Vanquished Creatures (collateral kills)
  An adder (D:2)
  A gnoll (D:3)
  A dart slug (D:2)
  A giant cockroach (D:2)
  A quokka (D:2)
  A rat (D:2)
6 creatures vanquished.

Grand Total: 67 creatures vanquished

Notes
Turn   | Place    | Note
-------+----------+-------------------------------------------
     0 | D:1      | kae the Demonspawn Transmuter began the quest for the Orb.
     0 | D:1      | Reached XP level 1. HP: 15/15 MP: 3/3
   383 | D:1      | Gained mutation: Your flesh is cold resistant. (rC+) [demonic ancestry]
   383 | D:1      | Reached XP level 2. HP: 18/21 MP: 3/5
   474 | D:1      | Reached skill level 3 in Unarmed Combat
  1208 | D:2      | Learned a level 2 spell: Sticks to Snakes
  1360 | D:2      | Gained mutation: You have a somewhat thin skeletal structure. (Dex +2, Stealth) [demonic ancestry]
  1360 | D:2      | Reached XP level 3. HP: 24/26 MP: 3/6
  1779 | D:2      | HP: 1/27 [hobgoblin/club (6)]
  2349 | D:2      | Noticed Natasha
  2362 | D:2      | Killed Natasha
  2362 | D:2      | Reached XP level 4. HP: 21/33 MP: 3/7
  2570 | D:2      | Noticed Natasha
  2583 | D:2      | Learned a level 3 spell: Spider Form
  2617 | D:2      | Killed Natasha
  2713 | D:3      | Found a glowing golden altar of the Shining One.
  2754 | D:3      | Found a faded altar of an unknown god.
  2937 | D:2      | Noticed Natasha
  2948 | D:2      | Killed Natasha
  2948 | D:2      | Gained mutation: You are immune to freezing clouds. [demonic ancestry]
  2948 | D:2      | Reached XP level 5. HP: 33/38 MP: 6/9
  3023 | D:3      | Found a bloodstained altar of Trog.
  3025 | D:3      | Found an iron altar of Okawaru.
  3057 | D:3      | Reached skill level 4 in Unarmed Combat
  3068 | D:3      | HP: 1/39 [gnoll (7)]
  3073 | D:3      | HP: 1/39 [gnoll (1)]
  3766 | D:3      | Found an ornate altar of the Wu Jian Council.
  3817 | D:3      | Killed from afar by an orc priest

Vault maps used:
D:1:      dpeg_arrival_three_same_balls, minmay_misc_feat_square
D:2:      uniq_natasha
D:3:      chequers_temple_overflow_statue_of_worship, marbit_many_paths,
          chequers_ecumenical_altar_island, tso_metal_star

Skill      XL: |  1  2  3  4  5 |
---------------+----------------+-----
Transmutations | 2 3 |  3.0
Unarmed Combat | 3 4 |  4.3
Fighting       | 2 |  2.6
Spellcasting   | 3 |  3.0
Dodging        | |  1.7

Action                   |  1- 3 |  4- 6 || total
-------------------------+-------+-------++-------
Melee: Unarmed           |   136 |   136 ||   272
       Kick              |     5 |       ||     5
       Headbutt          |     2 |       ||     2
       Punch             |     1 |       ||     1
 Cast: Beastly Appendage |    12 |     1 ||    13
       Sticks to Snakes  |    12 |     1 ||    13
       Spider Form       |       |    11 ||    11
  Use: Potion            |       |     1 ||     1
 Stab: Distracted        |     2 |       ||     2
       Sleeping          |     1 |     4 ||     5
  Eat: Chunk             |     6 |     6 ||    12
Armor: Robe              |    48 |    31 ||    79
       Skin              |       |     3 ||     3
Dodge: Dodged            |   119 |   132 ||   251

Table legend:
 A = Spawn XP
 B = Non-spawn XP
 C = Spawn XP percentage of total XP
 D = Spawn monster count
 E = Non-spawn monster count
 F = Spawn count percentage of total count
 G = Total turns spent on level
                    A         B        C        D         E        F      G
               +---------+---------+-------+---------+---------+-------+---------
         Total |       0 |     348 |   0.0 |       0 |      67 |   0.0 |  3817
               +---------+---------+-------+---------+---------+-------+---------
           D:1 |       0 |      27 |   0.0 |       0 |      15 |   0.0 |  1647
           D:2 |       0 |     184 |   0.0 |       0 |      27 |   0.0 |  1495
           D:3 |       0 |     137 |   0.0 |       0 |      25 |   0.0 |   675
               +---------+---------+-------+---------+---------+-------+---------
